AoeStats
← FERRYZC

Black Forest

507982193Analyzed
3v3 RM · 13d ago on Sep 20, 2026· 92m 29s· 6 players
Game mode
Random Map
Map size
Normal (6 player)
Population
200
Speed
Normal
Resources
Standard
Victory
Conquest
Starting age
Dark Age
Ending age
Imperial Age
RankedLock teamsTeams togetherTeam positionsShared explorationLock speedFull tech treeHidden civsTurbo modeCheats
Victory
Defeat
🇨🇴 Vietnamese · Colombia
779
+11
🇱🇺 Spanish · Luxembourg
735
+13
🇪🇸 Vietnamese · Spain
646
+16
🇨🇳 Turks · China
741
-17
🇭🇰 Turks · Hong Kong SAR China
651
-13
🇭🇰 Burgundians · Hong Kong SAR China
586
-13
JMG89
0:33 Loom
14:55 Feudal Age
15:24 Double-Bit Axe
17:04 Wheelbarrow
19:17 Castle Age
20:35 Bow Saw
20:11 Horse Collar
25:48 Treadmill Crane
26:21 Fortified Wall
26:31 Heavy Plow
27:35 Gold Mining
27:36 Stone Mining
28:32 Town Watch
29:03 Hand Cart
32:30 Imperial Age
31:39 Guard Tower
31:44 Fletching
31:54 Padded Archer Armor
32:05 Forging
32:00 Scale Barding Armor
32:48 Caravan
34:16 Chemistry
34:47 Two-Man Saw
35:22 Crop Rotation
34:54 Bodkin Arrow
35:14 Leather Archer Armor
36:18 Ballistics
35:28 Crossbowman
36:12 Husbandry
39:21 Paper Money
38:48 Onager
40:21 Thumb Ring
40:31 Bloodlines
40:52 Arbalester
40:55 Light Cavalry
43:09 Chatras
44:36 Siege Engineers
47:12 Bracer
47:42 Ring Archer Armor
47:48 Iron Casting
47:33 Chain Barding Armor
47:44 Elite Battle Elephant
49:08 Hoardings
49:30 Squires
48:51 Pikeman
50:43 Murder Holes
50:40 Halberdier
51:25 Cavalier
52:19 Scale Mail Armor
52:01 Elite Skirmisher
53:19 Imperial Skirmisher
66:13 Plate Barding Armor
65:53 Chain Mail Armor
67:26 Arson
70:43 Capped Ram
91:38 Plate Mail Armor
varogaitan
0:38 Loom
15:43 Feudal Age
17:13 Horse Collar
17:22 Double-Bit Axe
27:57 Castle Age
26:34 Wheelbarrow
25:45 Town Watch
30:05 Heavy Plow
30:18 Bow Saw
30:54 Caravan
31:27 Hand Cart
32:26 Padded Archer Armor
32:17 Fletching
32:47 Thumb Ring
33:25 Squires
34:05 Fortified Wall
35:04 Elite Skirmisher
36:12 Ballistics
35:33 Treadmill Crane
35:50 Murder Holes
36:46 Town Patrol
38:02 Bodkin Arrow
38:22 Leather Archer Armor
41:00 Husbandry
41:10 Bloodlines
45:23 Imperial Age
43:52 Forging
43:43 Scale Mail Armor
43:48 Scale Barding Armor
45:46 Elite Fire Lancer
45:48 Imperial Skirmisher
48:30 Paper Money
52:40 Cavalier
52:41 Elite Battle Elephant
59:48 Chemistry
58:33 Arrowslits
58:55 Siege Engineers
61:42 Chatras
65:32 Arson
68:02 Hoardings
70:37 Iron Casting
70:03 Bracer
70:34 Ring Archer Armor
70:20 Chain Mail Armor
FERRYZC
0:28 Loom
0:41 Loom
3:02 Loom
4:45 Loom
11:29 Feudal Age
13:06 Double-Bit Axe
13:05 Horse Collar
20:35 Castle Age
19:06 Fletching
19:27 Forging
19:17 Padded Archer Armor
19:17 Scale Mail Armor
19:23 Scale Barding Armor
20:42 Wheelbarrow
21:58 Bow Saw
21:53 Heavy Plow
22:07 Caravan
25:27 Hand Cart
25:12 Gold Mining
28:29 Ballistics
29:36 Stone Mining
34:17 Imperial Age
34:23 Fortified Wall
34:24 Masonry
33:42 Pikeman
34:23 Squires
33:46 Elite Skirmisher
34:32 Thumb Ring
36:01 Chemistry
36:06 Two-Man Saw
35:13 Bodkin Arrow
35:54 Iron Casting
35:34 Chain Mail Armor
35:34 Leather Archer Armor
35:39 Chain Barding Armor
35:05 Imperial Skirmisher
36:18 Town Watch
36:37 Bracer
36:55 Masonry
36:08 Halberdier
37:05 Redemption
37:20 Illumination
37:31 Theocracy
37:13 Block Printing
37:09 Fervor
37:24 Sanctity
37:10 Devotion
37:22 Town Patrol
39:38 Blast Furnace
39:08 Plate Mail Armor
39:10 Inquisition
39:33 Conscription
39:56 Gambesons
40:38 Bombard Tower
40:49 Architecture
44:57 Onager
69:21 Murder Holes
84:32 Coinage
88:16 Banking
89:41 Husbandry
89:51 Bloodlines
89:41 Cavalier
89:42 Light Cavalry
QuiteSze lok
8:32 Loom
10:19 Feudal Age
11:35 Wheelbarrow
14:27 Double-Bit Axe
15:09 Horse Collar
23:49 Castle Age
24:31 Gold Mining
24:46 Heavy Plow
24:58 Bow Saw
25:06 Hand Cart
24:47 Stone Mining
28:52 Gold Shaft Mining
35:46 Imperial Age
35:45 Bloodlines
35:36 Husbandry
35:44 Padded Archer Armor
35:55 Forging
35:50 Scale Barding Armor
37:37 Two-Man Saw
36:38 Fletching
37:04 Leather Archer Armor
37:08 Caravan
37:19 Guilds
39:26 Squires
40:05 Iron Casting
39:51 Chain Barding Armor
40:02 Ring Archer Armor
42:36 Plate Barding Armor
43:01 Blast Furnace
42:37 Fortified Wall
42:23 Murder Holes
42:49 Ballistics
42:11 Treadmill Crane
42:42 Masonry
44:24 Conscription
43:24 Elite Janissary
44:16 Artillery
68:47 Heavy Camel Rider
85:28 Fletching
85:48 Thumb Ring
85:03 Crossbowman
90:07 Bodkin Arrow
91:01 Bracer
469178074
0:32 Loom
12:27 Feudal Age
13:52 Wheelbarrow
13:05 Double-Bit Axe
13:03 Horse Collar
19:26 Castle Age
17:31 Gold Mining
18:00 Stone Mining
19:25 Forging
19:10 Fletching
20:19 Bow Saw
20:26 Hand Cart
20:16 Heavy Plow
21:25 Gold Shaft Mining
22:30 Town Watch
30:38 Imperial Age
30:02 Bodkin Arrow
30:17 Forging
30:13 Scale Barding Armor
31:07 Husbandry
31:17 Bloodlines
32:57 Two-Man Saw
32:12 Caravan
32:06 Treadmill Crane
32:46 Ballistics
34:04 Guilds
33:54 Murder Holes
33:49 Heated Shot
34:25 Bombard Tower
34:56 Conscription
35:00 Man-at-Arms
35:25 Arson
35:41 Squires
35:55 Bloodlines
36:04 Town Patrol
35:32 Elite Janissary
36:13 Artillery
37:32 Artillery
38:29 Bracer
38:52 Chain Barding Armor
39:09 Iron Casting
38:35 Scale Mail Armor
38:35 Padded Archer Armor
41:26 Plate Barding Armor
41:08 Chain Mail Armor
41:55 Blast Furnace
47:58 Plate Mail Armor
47:46 Leather Archer Armor
50:40 Masonry
52:47 Parthian Tactics
51:44 Heavy Cavalry Archer
54:02 Architecture
54:09 Ring Archer Armor
55:22 Heavy Camel Rider
58:11 Thumb Ring
69:59 Guard Tower
69:56 Arrowslits
70:14 Heavy Scorpion
70:17 Capped Ram
72:12 Keep
71:57 Fortified Wall
74:46 Siege Ram
75:36 Long Swordsman
82:38 Two-Handed Swordsman
84:24 Champion
RedMender4698
2:09 Wheelbarrow
6:30 Loom
9:54 Double-Bit Axe
13:47 Horse Collar
16:16 Feudal Age
18:39 Bow Saw
18:35 Heavy Plow
25:20 Castle Age
23:56 Hand Cart
26:17 Gold Mining
26:18 Stone Mining
28:16 Two-Man Saw
27:49 Crop Rotation
31:49 Stone Shaft Mining
31:50 Gold Shaft Mining
33:55 Fletching
34:07 Padded Archer Armor
34:16 Scale Barding Armor
38:26 Imperial Age
37:53 Husbandry
37:13 Cavalier
39:50 Chain Barding Armor
41:08 Paladin
74:46 Pikeman
75:27 Squires
75:53 Halberdier
Connection lost

Rejoining the realm…

Still unreachable

The connection could not be restored.

Session expired

The server has moved on; the page needs a fresh start.